 Dungeon Crawl Stone Soup version 0.30-a0-1161-g0704695555 (webtiles) character file.

Game seed: 3777547790273870399

1710 Jeffwins the Firebug (level 9, -3/91 HPs)
             Began as a Human Wanderer on Apr 27, 2023.
             Was an Initiate of Vehumet.
             Slain by a shadow (11 damage)
             ... on level 6 of the Dungeon.
             The game lasted 00:09:44 (5285 turns).

Jeffwins the Firebug (Human Wanderer)               Turns: 5285, Time: 00:09:45

Health: -3/91      AC:  6    Str: 17    XL:     9   Next: 24%
Magic:  9/15       EV: 11    Int: 18    God:    Vehumet [......]
Gold:   289        SH:  0    Dex: 13    Spells: 9/17 levels left

rFire   . . .        a - +7 Throatcutter {drain, coup de grace}
rCold   . . .        (no shield)
rNeg    . . .        c - +0 leather armour {rPois}
rPois   +            o - +0 helmet
rElec   .            s - +0 cloak
rCorr   +            g - +0 pair of gloves
SInv    .            (no boots)
Will    .....        m - amulet of magic regeneration Stlth
                     R - ring of resist corrosion
HPRegen 0.35/turn    S - +6 ring of strength
MPRegen 0.54/turn

%: no passive effects
@: berserking, very quick
A: no striking features
a: Renounce Religion


You were on level 6 of the Dungeon.
You worshipped Vehumet.
Vehumet was noncommittal.
You visited 2 branches of the dungeon, and saw 7 of its levels.
You also visited: Sewer.

You collected 289 gold pieces.


   Skills:
 - Level 2.0 Fighting
 - Level 4.0(4.5) Short Blades
 * Level 3.1(4.1) Long Blades
 + Level 3.6 Stealth
 * Level 4.6 Spellcasting
 * Level 4.9 Conjurations
 * Level 5.4 Fire Magic
 * Level 1.7 Earth Magic
 - Level 1.0 Invocations
 + Level 3.1 Evocations


You had 9 spell levels left.
You knew the following spells:

 Your Spells              Type           Power      Damage    Failure   Level
l - Lee's Rapid Deconstr  Erth           5%         3d6*      93%         5
x - Ensorcelled Hibernat  Hex/Ice        8%         N/A       26%         2
z - Foxfire               Conj/Fire      88%        2x1d8     1%          1

Your spell library contained the following spells:

 Spells                   Type           Power      Damage    Failure   Level
 Freeze                   Ice            16%        1d4       17%         1
 Inner Flame              Hex/Fire       14%        N/A       17%         3
 Volatile Blastmotes      Fire/Tloc      28%        2d12      17%         3
 Passwall                 Tmut/Erth      5%         N/A       19%         2
 Hailstorm                Conj/Ice       13%        3d5       19%         3
 Ignite Poison            Fire/Tmut/Pois 10%        N/A       24%         3
 Frozen Ramparts          Ice            8%         1d2       45%         3
 Swiftness                Air            4%         N/A       45%         3
 Fulminant Prism          Conj/Hex       6%         3d6       52%         4
 Iskenderun's Mystic Bla  Conj/Tloc      13%        2d5       52%         4
 Ice Form                 Ice/Tmut       4%         N/A       86%         4
 Summon Ice Beast         Ice/Summ       4%         N/A       86%         4

Inventory:

Hand Weapons
 a - the +7 Throatcutter (weapon) {drain, coup de grace}
   (You took it off a gnoll on level 3 of the Dungeon)
 b - a +1 dagger of venom
 e - a +1 short sword of flaming
 t - a +1 short sword of holy wrath
Missiles
 u - 6 poisoned darts
Armour
 c - a +0 leather armour of poison resistance (worn)
 g - a +0 pair of gloves (worn)
 o - a +0 helmet (worn)
 s - a +0 cloak (worn)
 w - a +0 buckler
Jewellery
 m - an amulet of magic regeneration (around neck)
 R - a ring of resist corrosion (left hand)
 S - a +6 ring of strength (right hand)
Wands
 p - a wand of flame (21)
 D - a wand of digging (1)
Scrolls
 d - a scroll of identify {@r1}
 f - 2 scrolls of amnesia
 h - 2 scrolls of fear
 i - 7 scrolls of teleportation {@r4}
 j - 2 scrolls of poison
 k - 2 scrolls of enchant weapon
 n - 2 scrolls of butterflies
 y - 2 scrolls of enchant armour {unknown}
 A - a scroll of brand weapon
Potions
 l - a potion of invisibility {unknown}
 r - 5 potions of curing {@q1}
 v - a potion of lignification {unknown}
 x - a potion of might {unknown}
 z - 2 potions of heal wounds {@q2}
 B - a potion of mutation {unknown}
 C - a potion of attraction {unknown}

Dungeon Overview and Level Annotations

Branches:
Dungeon (6/15)             Temple (1/1) D:6           Sewer (visited)

Altars:
Ashenzari
Cheibriados
Dithmenos
Elyvilon
Fedhas
Gozag
Hepliaklqana
Kikubaaqudgha
Makhleb
Nemelex Xobeh
Okawaru
Qazlal
Ru
Sif Muna
Trog
Vehumet
Wu Jian
Xom
Yredelemnul
Zin
The Shining One

..........# # ..
.......#..######## ...
...........#...).###...
...#.............#......
..###......###.....)# ..
## #.#.............#<..
#####....#.........
.....##.Wo.#####
.........@o......
###..#.##.#.......
##.####.###.#### ### ##


You could see a shadow and 2 orc priests.


Message History

The foxfire hits the orc priest.
The orc priest is lightly wounded.
The foxfire hits something.
The orc priest hits you with a +0 club.
* * * LOW HITPOINT WARNING * * *
The orc priest hits you but does no damage.
The shadow strikes at you from the darkness!
* * * LOW HITPOINT WARNING * * *
Reactivating autopickup.
You closely miss the orc priest.
The orc priest is lightly wounded.
The orc priest hits you but does no damage. x2
Unknown command.
You barely miss the orc priest.
The orc priest is lightly wounded.
The shadow slips into darkness.
The shadow flickers and vanishes!
Deactivating autopickup; reactivate with Ctrl-A.
The orc priest looks satisfied for a moment.
The orc priest hits you but does no damage.
You barely miss something.
The shadow strikes at you from the darkness!
* * * LOW HITPOINT WARNING * * *
Reactivating autopickup.
Unknown command.
You barely miss the orc priest. The orc priest hits you with a +0 club.
* * * LOW HITPOINT WARNING * * *
The orc priest calls upon Beogh to heal the orc priest.
The orc priest's wounds heal themselves!
The shadow hits you!
You die...

Skill      XL: |  1  2  3  4  5  6  7  8  9 |
---------------+----------------------------+-----
Conjurations   | 1 2 3 4 |  4.9
Stealth        | 1 2 3 |  3.6
Spellcasting   | 2 3 4 |  4.6
Fire Magic     | 3 4 5 |  5.4
Short Blades   | 4 |  4.0
Evocations     | 2 3 |  3.1
Long Blades    | 2 3 |  3.1
Earth Magic    | 1 |  1.7
Fighting       | |  2.0
Invocations    | |  1.0

Action                     |  1- 3 |  4- 6 |  7- 9 || total
---------------------------+-------+-------+-------++-------
  Melee: Short sword       |    60 |    16 |       ||    76
         Dagger            |       |    29 |       ||    29
         Long sword        |       |    26 |    53 ||    79
         Punch             |       |     1 |       ||     1
   Cast: Foxfire           |    32 |    73 |   230 ||   335
    Use: Potion            |       |     3 |     2 ||     5
         Scroll            |       |       |     8 ||     8
   Stab: Sleeping          |       |     3 |     2 ||     5
 Armour: Robe              |    19 |       |       ||    19
         Leather armour    |     4 |    20 |    33 ||    57
  Dodge: Dodged            |    37 |    30 |    61 ||   128

Levels and vault maps discovered:
D:1:      dpeg_arrival_windows_large_door, layout_rooms
D:2:      layout_loops_ring, basic_altar, uniq_robin, uniq_sigmund
D:3:      layout_loops_corners, marbit_many_paths,
          shapermc_ecumenical_altar_mp_urbaneastern, minivault_14, uniq_jessica
D:4:      kennysheep_the_goblin_king, layout_loops_ring, kennysheep_mini,
          uniq_menkaure
D:5:      layout_gridville, mainiacjoe_overflow_alcove_3, gup_sewer_entry_glass
D:6:      layout_cave_pools, fedhas_altar_3, overflow_temple_1_default,
          minmay_temple_entry_glassed_door, uniq_grinder
Temple:   cyrus_circular_temple

Notes
Turn   | Place    | Note
-------+----------+-------------------------------------------
     0 | D:1      | Jeffwins the Human Wanderer began the quest for the Orb.
     0 | D:1      | Jeffwins set off with the following items: a +1 short
                  | sword, a potion of berserk rage {!q}, a +0 robe; and the
                  | following spell memorised: Foxfire; and the following
                  | spells available to memorise: Inner Flame, Ignite Poison.
     0 | D:1      | Reached XP level 1. HP: 16/16 MP: 2/2
   161 | D:1      | Reached XP level 2. HP: 21/22 MP: 3/3
   579 | D:2      | Reached XP level 3. HP: 27/27 MP: 2/5
   588 | D:2      | Reached skill level 1 in Conjurations
   670 | D:2      | Noticed Robin
   693 | D:2      | Killed Robin
   702 | D:2      | Reached XP level 4. HP: 13/33 MP: 1/6
   825 | D:2      | Noticed Sigmund
   891 | D:2      | Killed Sigmund
   892 | D:2      | Reached skill level 1 in Stealth
   892 | D:2      | Reached skill level 2 in Spellcasting
   892 | D:2      | Reached skill level 2 in Conjurations
   892 | D:2      | Reached skill level 3 in Fire Magic
   892 | D:2      | Reached XP level 5. HP: 19/38 MP: 3/8
   892 | D:2      | Reached XP level 6. HP: 22/44 MP: 3/9
  1099 | D:2      | Found a glowing silver altar of Zin.
  1873 | D:3      | Noticed Jessica
  1891 | D:3      | Killed Jessica
  1892 | D:3      | Reached skill level 2 in Stealth
  2363 | D:3      | Found a faded altar of an unknown god.
  2437 | D:3      | Found an ornate altar of the Wu Jian Council.
  2600 | D:4      | Reached skill level 3 in Conjurations
  2600 | D:4      | Reached XP level 7. HP: 25/45 MP: 11/11
  2718 | D:4      | Reached skill level 3 in Spellcasting
  2743 | D:4      | Noticed Menkaure
  2830 | D:4      | Killed Menkaure
  2831 | D:4      | Reached skill level 4 in Fire Magic
  3038 | D:4      | Reached skill level 4 in Short Blades
  3051 | D:4      | Learned a level 2 spell: Ensorcelled Hibernation
  3159 | D:4      | Reached skill level 2 in Evocations
  3409 | D:4      | Reached XP level 8. HP: 56/56 MP: 10/13
  3698 | D:4      | Found a white marble altar of Elyvilon.
  3707 | D:5      | Entered Level 5 of the Dungeon
  3731 | D:5      | Reached skill level 1 in Long Blades
  3731 | D:5      | HP: 4/56 [killer bee (7)]
  4001 | D:5      | Reached skill level 3 in Stealth
  4001 | D:5      | Reached skill level 4 in Conjurations
  4032 | D:5      | Reached skill level 4 in Spellcasting
  4185 | D:5      | Reached skill level 2 in Long Blades
  4187 | D:5      | Reached skill level 5 in Fire Magic
  4289 | D:5      | Found a glowing drain.
  4320 | Sewer    | Entered a sewer
  4331 | Sewer    | Learned a level 5 spell: Lee's Rapid Deconstruction
  4399 | Sewer    | Noticed Pargi
  4403 | Sewer    | Killed Pargi
  4581 | D:5      | Found a burning altar of Makhleb.
  4584 | D:5      | Found a glowing golden altar of the Shining One.
  4591 | D:5      | Found a basalt altar of Yredelemnul.
  4594 | D:5      | Found an opulent altar of Gozag.
  4681 | D:5      | Reached XP level 9. HP: 61/61 MP: 12/15
  4684 | D:5      | Reached skill level 1 in Earth Magic
  5002 | D:6      | Found a blossoming altar of Fedhas.
  5039 | D:6      | Found a snail-covered altar of Cheibriados.
  5068 | D:6      | Found a staircase to the Ecumenical Temple.
  5068 | D:6      | Noticed Grinder
  5078 | D:6      | Killed Grinder
  5079 | D:6      | Reached skill level 3 in Long Blades
  5079 | D:6      | Reached skill level 3 in Evocations
  5097 | Temple   | Entered the Ecumenical Temple
  5224 | Temple   | Became a worshipper of Vehumet
  5284 | D:6      | HP: 9/91 [something (14)]
  5285 | D:6      | Slain by a shadow

Vanquished Creatures
  Grinder (D:6)
  Sigmund (D:2)
  Menkaure (D:4)
  Pargi (Sewer)
  A black bear (D:5)
  3 scorpions (D:5)
  3 killer bees (D:5)
  A howler monkey (D:4)
  2 jellies
  2 hounds
  A gnoll bouda (D:4)
  5 orc priests
  2 sleepcaps
  Jessica (D:3)
  An iguana (D:5)
  3 orc wizards
  Robin (D:2)
  8 gnolls
  7 adders
  4 worms
  3 dart slugs
  15 orcs
  7 ball pythons
  6 endoplasms
  8 giant cockroaches
  17 goblins
  11 hobgoblins
  A quokka (D:3)
  3 bats
  11 frilled lizards
  14 kobolds
  8 rats
153 creatures vanquished.

Vanquished Creatures (others)
  615 foxfires
  5 fungi (D:6)
620 creatures vanquished.

Grand Total: 773 creatures vanquished

Table legend: (Time is in decaauts)
 A = Elapsed time spent in this place.
 B = Non-inter-level travel time spent in this place.
 C = Inter-level travel time spent in this place.
 D = Time resting spent in this place.
 E = Time spent auto-exploring this place.
 F = Levels seen in this place.
 G = Mean time per level.
                   A        B        C        D        E       F      G
               +--------+--------+--------+--------+--------+-----+--------+
         Total |   5318 |   5112 |    206 |     25 |   3788 |   8 |  664.8 |
       Dungeon |   4969 |   4784 |    185 |     25 |   3535 |   6 |  828.2 |
        Temple |    140 |    119 |     21 |      0 |    109 |   1 |  140.0 |
         Sewer |    209 |    209 |      0 |      0 |    144 |   1 |  209.0 |
               +--------+--------+--------+--------+--------+-----+--------+

Top non-repeatable levels by time:
     D:4: 1172 daAuts
     D:3: 1102 daAuts
     D:5: 941 daAuts
     D:2: 885 daAuts
     D:1: 547 daAuts
     D:6: 319 daAuts
   Sewer: 209 daAuts
  Temple: 140 daAuts

Table legend:
 A = Non-vault XP
 B = Vault XP
 C = Vault XP percentage of total XP
 D = Non-vault monster count
 E = Vault monster count
 F = Vault count percentage of total count
                 A         B        C        D         E       F
            +---------+---------+-------+---------+---------+-------
      Total |    1529 |     915 |  37.4 |     114 |      39 |  25.5
            +---------+---------+-------+---------+---------+-------
        D:1 |      26 |       0 |   0.0 |      21 |       0 |   0.0
        D:2 |      30 |     251 |  89.3 |      15 |      13 |  46.4
        D:3 |     127 |      42 |  24.9 |      26 |       2 |   7.1
        D:4 |     449 |     178 |  28.4 |      30 |       8 |  21.1
        D:5 |     789 |      54 |   6.4 |      15 |       5 |  25.0
        D:6 |     108 |     244 |  69.3 |       7 |       1 |  12.5
      Sewer |       0 |     146 | 100.0 |       0 |      10 | 100.0
            +---------+---------+-------+---------+---------+-------
